 Dungeon Crawl Stone Soup version 0.28.0-53-g5a82cb258f (webtiles) character file.

Game seed: 722155449478415808

8666 quokkamancerX the Fighter (level 11, -11/95 HPs)
             Began as a Demonspawn Berserker on July 8, 2022.
             Was an Elder of Trog.
             Mangled by a two-headed ogre
             ... wielding a +0 giant club
              (18 damage)
             ... on level 10 of the Dungeon.
             The game lasted 00:41:19 (13808 turns).

quokkamancerX the Fighter (Demonspawn Berserker)   Turns: 13808, Time: 00:41:19

Health: -11/95     AC: 14    Str: 27    XL:     11   Next: 12%
Magic:  0/11       EV: 10    Int:  9    God:    Trog [****..]
Gold:   411        SH:  3    Dex: 16    Spells: 10/10 levels left

rFire   . . .      SeeInvis .   a - +3 dagger (venom)
rCold   . . .      Faith    +   J - +0 buckler
rNeg    . . .      Spirit   +   L - +0 plate armour
rPois   +          Reflect  .   (no helmet)
rElec   .          Harm     .   I - +0 cloak {rPois}
rCorr   .          Rampage  .   B - +0 pair of gloves
Will    +....                   n - +0 pair of boots "Waeduxa" {Will+ Dex+3}
Stlth   ..........              u - amulet of faith
HPRegen 0.25/turn               f - +6 ring of strength
MPRegen 0.24/turn               (no ring)

@: on berserk cooldown, slowed, very slow
A: hooves 2, foul stench 1, magic shield, magic regeneration, weakness stinger
1, demonic touch 1
a: Renounce Religion, Berserk, Trog's Hand, Brothers in Arms


You were on level 10 of the Dungeon.
You worshipped Trog.
Trog was greatly pleased with you.
You visited 1 branch of the dungeon, and saw 11 of its levels.
You also visited: Sewer.

You collected 411 gold pieces.

Inventory:

Hand Weapons
 a - a +3 dagger of venom (weapon)
 b - a +1 short sword of speed
Missiles
 l - 23 poisoned darts (quivered)
 E - a curare-tipped dart
 O - a boomerang
Armour
 n - the +0 pair of boots "Waeduxa" (worn) {Will+ Dex+3}
   (You found it on level 2 of the Dungeon)

   Dex:       It affects your dexterity (+3).
   Will:      It increases your willpower.
 B - a +0 pair of gloves (worn)
 I - a +0 cloak of poison resistance (worn)
 J - a +0 buckler (worn)
 L - a +0 plate armour (worn)
Jewellery
 f - a +6 ring of strength (left hand)
 u - an amulet of faith (around neck)
 x - an amulet of reflection
 C - an amulet of the acrobat
 F - a ring of positive energy
 G - a ring of fire
Wands
 s - a wand of paralysis (7)
 y - a wand of flame (21)
 M - a wand of acid (5)
 N - a wand of mindburst (6)
Scrolls
 c - a scroll of torment {unknown}
 d - a scroll of holy word {unknown}
 e - 11 scrolls of teleportation
 g - a scroll of immolation {unknown}
 o - a scroll of silence {unknown}
 q - 3 scrolls of enchant armour {unknown}
 w - a scroll of enchant weapon
 K - a scroll of noise {unknown}
Potions
 j - 3 potions of heal wounds
 k - a potion of resistance
 m - 4 potions of curing
 p - a potion of invisibility {unknown}
 r - 4 potions of flight
 t - a potion of might {unknown}
 v - a potion of lignification {unknown}
 z - a potion of magic {unknown}
 D - a potion of cancellation {unknown}
 H - a potion of ambrosia {unknown}
Miscellaneous
 P - a phantom mirror


   Skills:
 - Level 12.0 Fighting
 - Level 8.0 Short Blades
 - Level 3.6 Polearms
 - Level 1.7 Armour
 - Level 8.1 Dodging
 + Level 3.0 Evocations


You had 10 spell levels left.
You didn't know any spells.
Your spell library was empty.

Dungeon Overview and Level Annotations

Branches:
Dungeon (11/15)            Temple (0/1) D:4            Lair (0/6) D:8
  Sewer (visited)
    Orc: D:9-12

Altars:
Gozag
Okawaru
Sif Muna


Innate Abilities, Weirdness & Mutations

You have hoof-like feet.
You may rarely emit foul miasma when damaged in melee.
When hurt, damage is shared between your health and your magic reserves.
You regenerate magic rapidly.
You have a small tail.
Your touch may inflict minor irresistible damage on your foes.


Message History

The two-headed ogre resists with some effort.
Aiming: Paralyse
Press: ? - help, Shift-Dir - straight line, f/p - two-headed ogre
Aim: a two-headed ogre, wielding a +0 giant club and a +0 giant spiked club (chance to affect: 38%)
The two-headed ogre resists with some effort.
The two-headed ogre completely misses you.
The two-headed ogre closely misses you.
Aiming: Paralyse
Press: ? - help, Shift-Dir - straight line, f/p - two-headed ogre
Aim: a two-headed ogre, wielding a +0 giant club and a +0 giant spiked club (chance to affect: 38%)
The two-headed ogre resists with some effort.
The two-headed ogre hits you with a +0 giant club!!
The two-headed ogre hits you with a +0 giant spiked club!
You climb upwards.
There is a stone staircase leading down here.
Throw: throwing net
Press: ? - help, Q - select action, (/) - cycle Shift-Dir - straight line, f - two-headed ogre
Aim: a two-headed ogre, wielding a +0 giant club and a +0 giant spiked club (79% to hit)
You throw a throwing net.
The throwing net completely misses the two-headed ogre.
The two-headed ogre hits you with a +0 giant club!!
The two-headed ogre hits you with a +0 giant spiked club!
A red film seems to cover your vision as you go berserk!
You feel yourself moving faster!
You feel mighty!
The two-headed ogre hits you with a +0 giant club!
* * * LOW HITPOINT WARNING * * *
The two-headed ogre misses you.
You feel a strong urge to attack something.
You feel your anger nearly subside.
You are no longer berserk.
You are exhausted.
You feel yourself slow down.
The two-headed ogre hits you with a +0 giant club!!
* * * LOW HITPOINT WARNING * * *
The two-headed ogre closely misses you.
You see here a throwing net.
The two-headed ogre hits you with a +0 giant club!
* * * LOW HITPOINT WARNING * * *
You emit a cloud of foul miasma!
The two-headed ogre hits you with a +0 giant spiked club!!
You die...

........#..#...#.........#.....#.
........#..#...#...##'##.#.....'.
........#..#...#...#...###.....#.
........#..#...#####...........#.
##...####..#......|............##
.#...#.....#....###.....#..###...
.#...#.....#....###.............#
.'.#.#.....#.....(......>.##..#..
##...####..#...<@O...#....###.###
#########..#.........#..#.#......
.......##.(#.........#....#......
.......##..#.........#....#......
.......##..#..............#......
...........#..............#......
...........'..............#######
...........#.......>...####
...........#.....##..#.#


You could see a two-headed ogre.

Vanquished Creatures
  A manticore (D:10)
  A cyclops (D:11)
  An elephant (D:8)
  Maurice (D:8)
  A troll (D:10)
  2 hornets
  A shadow (D:9)
  A wyvern (D:8)
  7 yaks
  A basilisk (D:8)
  Grum (D:8)
  A steam dragon (D:9)
  A water moccasin (Sewer)
  A hornet zombie (D:6)
  5 black bears
  3 orc warriors
  An ice beast (D:7)
  A sky beast (D:7)
  A necrophage (D:4)
  4 ogres
  4 wolves
  2 phantoms (D:5)
  6 centaurs
  3 kobold brigands
  A wyvern zombie (D:6)
  5 scorpions
  A bullfrog (D:8)
  A water moccasin skeleton (D:6)
  6 killer bees
  2 howler monkeys (D:9)
  3 centaur zombies
  A bullfrog zombie (D:6)
  3 orc priests
  2 hounds
  5 jellies
  A bullfrog skeleton (D:5)
  2 gnoll shamans
  An iguana (D:6)
  7 orc wizards
  2 killer bee zombies
  9 gnolls
  4 adders
  A river rat (D:3)
  A shadow imp (D:5)
  2 white imps (D:7)
  2 ufetubi
  2 adder skeletons (D:4)
  3 worms
  2 dart slugs
  32 orcs
  5 bats
  11 endoplasms
  6 giant cockroaches
  13 goblins
  7 hobgoblins
  4 jackals (D:1)
  36 kobolds
  3 quokkas (D:1)
  3 ball pythons
  2 frilled lizards (D:1)
  7 rats
249 creatures vanquished.

Vanquished Creatures (others)
  8 fungi (D:3)
  7 toadstools (D:3)
15 creatures vanquished.

Grand Total: 264 creatures vanquished

Notes
Turn   | Place    | Note
-------+----------+-------------------------------------------
     0 | D:1      | quokkamancerX the Demonspawn Berserker began the quest for
                  | the Orb.
     0 | D:1      | Reached XP level 1. HP: 18/18 MP: 1/1
   209 | D:1      | Discovered your monstrous ancestry.
   209 | D:1      | Gained mutation: You have large cloven feet. [demonic
                  | ancestry]
   209 | D:1      | Reached XP level 2. HP: 24/24 MP: 2/2
   549 | D:1      | Found a shimmering blue altar of Sif Muna.
   696 | D:1      | Gained mutation: You may rarely emit foul miasma when
                  | damaged in melee. [demonic ancestry]
   696 | D:1      | Reached XP level 3. HP: 20/29 MP: 3/3
   837 | D:1      | Reached ** piety under Trog
  1655 | D:2      | Found an iron altar of Okawaru.
  1745 | D:2      | Reached skill level 4 in Fighting
  1948 | D:2      | Reached XP level 4. HP: 37/37 MP: 4/4
  2237 | D:2      | Identified the +0 pair of boots "Waeduxa" {Will+ Dex+3}
  2944 | D:3      | Found a glowing drain.
  2947 | D:3      | Reached *** piety under Trog
  2994 | Sewer    | Entered a sewer
  3094 | Sewer    | Noticed a water moccasin
  3098 | Sewer    | Killed a water moccasin
  3099 | Sewer    | Reached skill level 5 in Fighting
  3099 | Sewer    | Gained mutation: Your touch may inflict minor irresistible
                  | damage on your foes. [demonic ancestry]
  3099 | Sewer    | Reached XP level 5. HP: 46/46 MP: 5/5
  3208 | D:3      | Found an opulent altar of Gozag.
  3435 | D:3      | Reached skill level 6 in Fighting
  3439 | D:3      | Gained mutation: You have a small tail. [demonic ancestry]
  3439 | D:3      | Reached XP level 6. HP: 52/52 MP: 6/6
  4068 | D:4      | Gained mutation: You regenerate magic rapidly. [demonic
                  | ancestry]
  4068 | D:4      | Reached XP level 7. HP: 31/59 MP: 7/7
  4270 | D:4      | Found a staircase to the Ecumenical Temple.
  4583 | D:5      | Entered Level 5 of the Dungeon
  4943 | D:5      | Reached skill level 5 in Short Blades
  5132 | D:5      | Reached XP level 8. HP: 65/65 MP: 8/8
  5800 | D:5      | Reached **** piety under Trog
  6468 | D:6      | Reached skill level 7 in Fighting
  6844 | D:6      | Identified the +12 whip "Jateozut" {vorpal, +Blink rN+
                  | Str+3 Stlth+}
  6975 | D:6      | Reached skill level 8 in Fighting
  6975 | D:6      | Gained mutation: You have hoof-like feet. [demonic
                  | ancestry]
  6975 | D:6      | Reached XP level 9. HP: 74/74 MP: 9/9
  7950 | D:7      | Reached skill level 9 in Fighting
  8335 | D:7      | Reached skill level 10 in Fighting
  9277 | D:8      | Reached skill level 11 in Fighting
  9280 | D:8      | Noticed Grum
  9703 | D:8      | Noticed an elephant
  9729 | D:8      | Killed an elephant
  9729 | D:8      | Reached ***** piety under Trog
  9730 | D:8      | Reached XP level 10. HP: 89/89 MP: 10/10
  9740 | D:8      | Found a staircase to the Lair.
  9888 | D:8      | Reached skill level 12 in Fighting
 10437 | D:8      | Noticed Maurice
 10449 | D:8      | Killed Maurice
 10931 | D:8      | Killed Grum
 10932 | D:8      | Reached skill level 5 in Dodging
 12064 | D:10     | Entered Level 10 of the Dungeon
 12956 | D:10     | Gained mutation: When hurt, damage is shared between your
                  | health and your magic reserves. [demonic ancestry]
 12956 | D:10     | Reached XP level 11. HP: 66/95 MP: 11/11
 13787 | D:11     | Noticed a two-headed ogre
 13808 | D:10     | Mangled by a two-headed ogre

Illustrated notes

Levels and vault maps discovered:
D:1:      dpeg_arrival_signposts, layout_rooms, minmay_misc_feat_cross,
          minmay_hexomino_r4
D:2:      layout_loops_corners, basic_altar, grunt_ministairs_12
D:3:      cheibrodos_fertilizer, layout_loops_ring,
          nicolae_gozag_cash_rules_everything_around_me,
          cheibrodos_sewer_entry_sluice
D:4:      layout_basic, minmay_temple_entry_waves
D:5:      layout_loops_ring, hangedman_decor_points
D:6:      layout_basic
D:7:      layout_layer_cave
D:8:      layout_loops_corners, david_lair_generic, minmay_misc_feat_hallway,
          uniq_grum, uniq_maurice
D:9:      layout_gridville, nicolae_concentric_dashed_squares_mild
D:10:     layout_stronghold, minmay_crystal_room
D:11:     layout_basic, uniq_snorg

Skill      XL: |  1  2  3  4  5  6  7  8  9 10 11 |
---------------+----------------------------------+-----
Polearms       | 3 |  3.6
Fighting       | 4 5 6 8 11 12 | 12.0
Short Blades   | 3 6 8 |  8.0
Dodging        | 8 |  8.1
Evocations     | 3 |  3.0
Armour         | |  1.7

Action                   |  1- 3 |  4- 6 |  7- 9 | 10-12 || total
-------------------------+-------+-------+-------+-------++-------
Melee: Spear             |   113 |       |       |       ||   113
       Kick              |    36 |     2 |       |       ||    38
       Short sword       |    41 |       |       |       ||    41
       Dagger            |       |   137 |   399 |   256 ||   792
       Punch             |       |     3 |     8 |       ||    11
       Touch             |       |    13 |    87 |     2 ||   102
       Tailslap          |       |     8 |    62 |    49 ||   119
Throw: Dart              |       |       |     8 |    10 ||    18
       Throwing net      |       |       |       |     1 ||     1
Invok: Berserk           |     2 |     1 |    10 |     6 ||    19
       Trog's Hand       |       |     1 |     1 |     2 ||     4
Evoke: Wand              |       |     4 |     6 |     5 ||    15
  Use: Scroll            |       |       |     4 |     3 ||     7
 Stab: Distracted        |     1 |       |       |       ||     1
       Paralysed         |       |       |       |     2 ||     2
Armor: Leather armour    |     3 |       |       |       ||     3
       Animal skin       |     3 |       |       |       ||     3
       Scale mail        |    28 |    48 |       |       ||    76
       Chain mail        |       |    29 |   141 |    23 ||   193
       Plate armour      |       |       |       |    80 ||    80
Dodge: Dodged            |    71 |    64 |   117 |   115 ||   367
Block: Buckler           |       |       |       |    26 ||    26
